 Dungeon Crawl Stone Soup version 0.28.0-45-g0d030f2227 (webtiles) character file.

Game seed: 17527123679067050864

180 101zpm the Covered (level 5, 0/33 HPs)
             Began as a Gargoyle Fighter on Apr 10, 2022.
             Killed by divine providence
             ... invoked by an orc priest
              (17 damage)
             ... on level 4 of the Dungeon.
             The game lasted 00:04:11 (4206 turns).

101zpm the Covered (Gargoyle Fighter)               Turns: 4206, Time: 00:04:15

Health: 0/33       AC: 14    Str: 22    XL:     5   Next: 60%
Magic:  5/5        EV:  7    Int:  8    God:
Gold:   121        SH:  4    Dex:  9    Spells: 4/4 levels left

rFire   . . .      SeeInvis .   a - +0 flail
rCold   . . .      Faith    .   c - +0 buckler
rNeg    + . .      Spirit   .   j - +1 chain mail {Will+}
rPois   ∞          Reflect  .   (no helmet)
rElec   +          Harm     .   (no cloak)
rCorr   .          Rampage  .   (no gloves)
Will    +....                   (no boots)
Stlth   ..........              (no amulet)
HPRegen 0.11/turn               (no ring)
MPRegen 0.09/turn               (no ring)

@: no status effects
A: sickness immunity, AC +4, negative energy resistance 1, electricity
resistance, torment resistance 1, petrification resistance
a: no special abilities


You were on level 4 of the Dungeon.
You visited 1 branch of the dungeon, and saw 4 of its levels.

You collected 121 gold pieces.

Inventory:

Hand Weapons
 a - a +0 flail (weapon)
Missiles
 k - 178 stones (quivered)
Armour
 b - a +0 scale mail
 c - a +0 buckler (worn)
 j - a +1 chain mail of willpower (worn)
Jewellery
 n - the amulet "Imo Jorch" {RegenMP Harm rPois rF- Slay+2}
   (You found it on level 3 of the Dungeon)

   [amulet of magic regeneration]

   It increases your rate of magic regeneration.
   Slay:      It affects your accuracy & damage with ranged weapons and melee
   (+2).
   rF:        It makes you vulnerable to fire.
   rPois:     It protects you from poison.
   Harm:      It increases damage dealt and taken.
 o - an amulet of the acrobat
 s - an amulet of magic regeneration
Wands
 t - a wand of digging (4)
Scrolls
 g - 2 scrolls of identify {unknown}
 h - a scroll of teleportation {unknown}
 p - a scroll of magic mapping {unknown}
 r - a scroll of fog {unknown}
Potions
 d - 2 potions of might
 e - a potion of attraction {unknown}
 f - a potion of haste {unknown}
 i - 2 potions of heal wounds {unknown}
 l - a potion of mutation {unknown}
 m - a potion of curing {unknown}
 q - a potion of magic {unknown}


   Skills:
 + Level 4.0 Fighting
 + Level 3.9 Maces & Flails
 + Level 4.4 Armour
 + Level 0.3 Dodging
 + Level 3.8 Shields


You had 4 spell levels left.
You didn't know any spells.
Your spell library was empty.

Dungeon Overview and Level Annotations

Branches:
Dungeon (4/15)
 Temple: D:4-7

Altars:

Shops:
D:1 !   D:3 *!([


Innate Abilities, Weirdness & Mutations

You are immune to sickness and miasma.
Your stone body is resilient. (AC +4)
You are immune to poison.
You resist negative energy. (rN+)
You are resistant to electric shocks. (rElec)
You are resistant to unholy torment.
You are immune to petrification.


Message History

You barely miss the kobold.
A goblin comes into view. It is wielding a +0 club.
The kobold closely misses you. You block the orc's attack.
The goblin shouts!
You thump the kobold!
You kill the kobold!
The orc hits you but does no damage.
You closely miss the adder. The adder closely misses you.
The orc hits you with a +0 flail. The orc hits you but does no damage.
The orc priest looks satisfied for a moment.
The adder bites you but does no damage.
You barely miss the adder. The orc hits you but does no damage.
The orc barely misses you. The adder bites you but does no damage.
The orc closely misses you. The orc barely misses you.
You block the orc's attack.
You miss the adder. The adder bites you. You block the adder's attack.
The orc hits you with a +0 flail. The orc barely misses you.
The orc hits you with a +0 whip.
You hit the adder.
The adder is heavily wounded.
You block the adder's attack. The orc hits you with a +0 flail.
The orc closely misses you. The orc barely misses you.
You barely miss the adder.
The adder is heavily wounded.
You block the adder's attack. You block the orc's attack.
The orc hits you but does no damage. x2
The adder bites you but does no damage.
You sock the adder!
You kill the adder!
The orc hits you with a +0 flail! You block the orc's attack.
The orc barely misses you.
The hound skeleton bites you but does no damage.
The orc barely misses you.
You barely miss the hound skeleton. You block the orc's attack.
The orc hits you but does no damage.
The hound skeleton bites you but does no damage.
The orc priest invokes the aid of Beogh against you.
Beogh smites you!
Ouch! That really hurt!
You die...

..).#
.................
....
...............
....
..<..##...#...##
.### ...##
##.##...#.# .#
...#. #.........
.#
.....###.....#...
..
.#.#...#....##..
..
..[....oZ...#.. .
.......@oo......
.
......)#og..##..
# .##....#....# .
# ##.........# #
....###......
....... ....#
...... .......
..... ......
....... .....##
...... .......###
...


You could see an orc priest, 3 orcs, a goblin and a hound skeleton.

Vanquished Creatures
  Terence (D:3)
  An iguana (D:4)
  5 adders
  A worm (D:2)
  2 dart slugs (D:1)
  2 orcs (D:3)
  5 bats
  6 endoplasms
  8 giant cockroaches
  8 hobgoblins
  4 jackals (D:3)
  8 ball pythons
  2 frilled lizards
  9 goblins
  5 kobolds
  6 rats
73 creatures vanquished.

Notes
Turn   | Place    | Note
-------+----------+-------------------------------------------
     0 | D:1      | 101zpm the Gargoyle Fighter began the quest for the Orb.
     0 | D:1      | Reached XP level 1. HP: 14/14 MP: 1/1
   336 | D:1      | Reached XP level 2. HP: 16/19 MP: 2/2
   392 | D:1      | Found Jorior's Distillery.
   926 | D:1      | Reached XP level 3. HP: 24/24 MP: 3/3
   955 | D:1      | Found a faded altar of an unknown god.
  2428 | D:3      | Noticed Terence
  2447 | D:3      | Killed Terence
  2448 | D:3      | Reached XP level 4. HP: 16/29 MP: 4/4
  2611 | D:3      | Identified the amulet "Imo Jorch" {RegenMP Harm rPois rF-
                  | Slay+2}
  2993 | D:3      | Found Zeq Gyimiw's General Store.
  3070 | D:3      | Found Ydoluorynk's Distillery.
  3087 | D:3      | Found Cipry's Antique Weapon Boutique.
  3134 | D:3      | Found Ivosokke's Antique Armour Boutique.
  3280 | D:3      | Reached XP level 5. HP: 31/33 MP: 5/5
  4206 | D:4      | Killed from afar by an orc priest

Illustrated notes

Levels and vault maps discovered:
D:1:      lemuel_arrival_lava_pool, layout_rooms, serial_shops, shop_fountains,
          dilly_ecumenical_altar_fadedgnrine
D:2:      layout_basic
D:3:      layout_basic, serial_shops, shop, shop, nicolae_shop_advertising_works
          [nicolae_subvault_shop_adworks], nicolae_lakefront_shop,
          serial_park_tiny_pond, hex_large, uniq_terence
D:4:      layout_cave_pools, ebering_dispersal_statue_hall

Skill      XL: |  1  2  3  4  5 |
---------------+----------------+-----
Armour         | 4 |  4.4
Maces & Flails | 3 |  3.9
Fighting       | 4 |  4.0
Dodging        | |  0.3
Shields        | |  3.8

Action                   |  1- 3 |  4- 6 || total
-------------------------+-------+-------++-------
Melee: Flail             |   172 |   108 ||   280
Armor: Scale mail        |    49 |       ||    49
       Chain mail        |    71 |    74 ||   145
Dodge: Dodged            |    87 |    47 ||   134
Block: Buckler           |    35 |    27 ||    62
